 Dungeon Crawl Stone Soup version 0.29.1-15-g9cfb28693d (webtiles) character file.

Game seed: 7971849705422782041

55 Heoruswealwe the Magician (level 3, 0/19 HPs)
             Began as a Deep Elf Earth Elementalist on Apr 3, 2023.
             Was a Believer of Zin.
             Slain by a phantom (1 damage)
             ... on level 4 of the Dungeon.
             The game lasted 00:07:40 (1031 turns).

Heoruswealwe the Magician (DEEE)                    Turns: 1031, Time: 00:07:42

Health: 0/19       AC:  2    Str:  5    XL:     3   Next: 67%
Magic:  2/11       EV: 12    Int: 21    God:    Zin [**....]
Gold:   177        SH:  5    Dex: 15    Spells: 5/11 levels left

rFire   . . .      SeeInvis .   (no weapon)
rCold   . . .      Faith    .   (no shield)
rNeg    . . .      Spirit   .   a - +0 robe
rPois   .          Reflect  +   (no helmet)
rElec   .          Harm     .   (no cloak)
rCorr   .          Rampage  .   (no gloves)
Will    .....                   (no boots)
Stlth   ++........              f - amulet of reflection
HPRegen 0.06/turn               (no ring)
MPRegen 0.12/turn               (no ring)

@: no status effects
A: no striking features
a: Renounce Religion, Recite, Vitalisation, Donate Gold


You were on level 4 of the Dungeon.
You worshipped Zin.
Zin was pleased with you.
You visited 1 branch of the dungeon, and saw 4 of its levels.

You collected 196 gold pieces.
You donated 19 gold pieces to Zin.

Inventory:

Armour
 a - a +0 robe (worn)
Jewellery
 f - an amulet of reflection (around neck)
Scrolls
 e - a scroll of teleportation {unknown}
 g - a scroll of brand weapon
 h - a scroll of identify
Potions
 b - a potion of magic
 c - 3 potions of curing {unknown}
 d - a potion of flight {unknown}


   Skills:
 - Level 2.4 Dodging
 - Level 2.4 Stealth
 + Level 4.5 Spellcasting
 - Level 1.1 Transmutations
 + Level 4.3 Earth Magic


You had 5 spell levels left.
You knew the following spells:

 Your Spells              Type           Power      Damage    Failure   Level
a - Sandblast             Erth           44%        2d11      1%          1
b - Stone Arrow           Conj/Erth      26%        3d8       14%         3
z - Passwall              Tmut/Erth      13%        N/A       5%          2

Your spell library contained the following spells:

 Spells                   Type           Power      Damage    Failure   Level
 Petrify                  Tmut/Erth      16%        N/A       36%         4


Dungeon Overview and Level Annotations

Branches:
Dungeon (4/15)
 Temple: D:4-7

Altars:
Zin


Message History

A kobold comes into view. It is wielding a +0 short sword.
The blast of sand hits the phantom but does no damage.
The phantom is lightly damaged.
The kobold shouts!
The adder hisses angrily.
The blast of sand hits the phantom.
The phantom is moderately damaged.
You block the phantom's attack. The phantom barely misses you.
The blast of sand misses the phantom.
The blast of sand hits the adder!
The adder is almost dead.
The phantom closely misses you.
The blast of sand misses the adder.
The adder bites you. The phantom hits you.
The phantom blinks!
You blink.
The phantom barely misses you.
The blast of sand misses the phantom.
The kobold hits you with a +0 short sword.
The phantom hits you.
* * * LOW HITPOINT WARNING * * *
The phantom blinks!
You blink.
An orc comes into view. It is wielding a +0 dagger.
Found a mace.
You are too injured to fight recklessly!
Casting: Sandblast (safe; 1% risk of failure)
Confirm with . or Enter, or press ? or * to list all spells.
Aiming: Sandblast (safe; 1% risk of failure)
Press: ? - help, Shift-Dir - straight line, f/p - phantom
Aim: a phantom (moderately damaged, 76% to hit)
The blast of sand hits the phantom!
The phantom is heavily damaged.
The phantom hits you.
* * * LOW HITPOINT WARNING * * *
The phantom blinks!
You blink.
You block the phantom's attack.
Casting: Sandblast (safe; 1% risk of failure)
Confirm with . or Enter, or press ? or * to list all spells.
Aiming: Sandblast (safe; 1% risk of failure)
Press: ? - help, Shift-Dir - straight line, f/p - phantom
Aim: a phantom (heavily damaged, 76% to hit)
The blast of sand hits the phantom!
The phantom is almost destroyed.
The kobold throws a stone.
The stone completely misses you. The phantom hits you.
You die...

##..## ##.......§.......
##..###......K.........
#...##........S.......
##.....................
#......................
.....#........§.........
.#####........§.........
# #...##......W......
#..####....@....... ...#
##........... ..##
##.......... ..#
#o........# ..........#
...........#
....####...## ##..# ##..


You could see a phantom, an adder, an orc (asleep) and a kobold.

Vanquished Creatures
  2 adders
  A worm (D:2)
  2 dart slugs (D:1)
  A ball python (D:1)
  An endoplasm (D:1)
  2 giant cockroaches (D:3)
  5 goblins
  4 hobgoblins
  A quokka (D:1)
  4 bats
  3 kobolds
  2 rats (D:1)
28 creatures vanquished.

Notes
Turn   | Place    | Note
-------+----------+-------------------------------------------
     0 | D:1      | Heoruswealwe the Deep Elf Earth Elementalist began the
                  | quest for the Orb.
     0 | D:1      | Reached XP level 1. HP: 10/10 MP: 6/6
   154 | D:1      | Reached XP level 2. HP: 13/15 MP: 5/8
   157 | D:1      | Learned a level 2 spell: Passwall
   590 | D:2      | Reached XP level 3. HP: 19/19 MP: 7/10
   594 | D:2      | Learned a level 3 spell: Stone Arrow
   756 | D:2      | Found a faded altar of an unknown god.
   768 | D:2      | Prayed at the altar of an unknown god.
   768 | D:2      | Became a worshipper of Zin the Law-Giver
   768 | D:2      | Reached * piety under Zin
   768 | D:2      | Reached ** piety under Zin
  1021 | D:4      | Noticed a phantom
  1031 | D:4      | Slain by a phantom

Illustrated notes

Levels and vault maps discovered:
D:1:      roderic_dead_forest, layout_basic, minmay_hedge_maze
D:2:      layout_basic, serial_shops, nicolae_shop_statue_plus, serial_forest,
          infiniplex_forest_zigzag_2, infiniplex_forest_corner_1,
          infiniplex_forest_side_room, infiniplex_forest_3_way,
          infiniplex_forest_end_3, infiniplex_forest_zigzag_2,
          infiniplex_forest_corner_1, infiniplex_forest_straight_3,
          infiniplex_forest_straight_2, ebering_ecumenical_altar_hall,
          chequers_arboretum
D:3:      layout_basic, hex_intersection
D:4:      layout_layer_cave, mainiacjoe_overflow_24_doors, portal_sewer_entry_f

Skill      XL: |  1  2 |
---------------+-------+-----
Spellcasting   | 4 |  4.5
Earth Magic    | 4 |  4.3
Dodging        | |  2.4
Stealth        | |  2.4
Transmutations | |  1.1

Action                   || total
-------------------------++-------
 Cast: Sandblast         ||    44
  Use: Scroll            ||     2
Dodge: Dodged            ||     5
Block: Other             ||     2
